 Dungeon Crawl Stone Soup version 0.23.0 (webtiles) character file.

Game seed: 975298843159246183

130 MalarOregon the Poker (level 5, -1/38 HPs)
             Began as a Merfolk Skald on Feb 12, 2019.
             Killed by divine providence
             ... invoked by an orc priest
              (12 damage)
             ... on level 3 of the Dungeon.
             The game lasted 00:04:46 (3456 turns).

MalarOregon the Poker (Merfolk Skald)               Turns: 3456, Time: 00:04:47

Health: -1/38      AC:  4    Str: 12    XL:     5   Next: 13%
Magic:  8/8        EV: 12    Int: 12    God:
Gold:   44         SH:  0    Dex: 14    Spells: 1/8 levels left

rFire    . . .     SeeInvis .   a - +0 spear
rCold    . . .     Gourm    .   (no shield)
rNeg     . . .     Faith    .   b - +0 leather armour
rPois    .         Spirit   .   (no helmet)
rElec    .         Reflect  .   (no cloak)
rCorr    .         Harm     .   (no gloves)
MR       .....                  i - +0 pair of boots
Stlth    +.........             (no amulet)
HPRegen  0.12/turn              (no ring)
MPRegen  0.11/turn              (no ring)

@: no status effects
A: change form in water, swift swim, stealthy swim
a: no special abilities


You were on level 3 of the Dungeon.
You were not hungry.

You visited 1 branch of the dungeon, and saw 3 of its levels.

You collected 44 gold pieces.

Inventory:

Hand Weapons
 a - a +0 spear (weapon)
Armour
 b - a +0 leather armour (worn)
 i - a +0 pair of boots (worn)
   (You found it on level 2 of the Dungeon)
 j - a +0 helmet
   (You took it off Robin on level 3 of the Dungeon)
Wands
 d - a wand of iceblast (8)
   (You found it on level 3 of the Dungeon)
Scrolls
 f - 2 scrolls of remove curse {@r2}
 m - a scroll of identify {unknown}
Potions
 g - a potion of lignification {unknown}
 k - a potion of mutation {unknown}
 l - a potion of cancellation {unknown}
Comestibles
 e - 5 rations {!d}
 h - 7 chunks of flesh


   Skills:
 - Level 2.1 Fighting
 + Level 7.5 Polearms
 - Level 0.6 Armour
 - Level 2.6 Dodging
 - Level 2.0 Spellcasting
 - Level 3.2 Charms


You had one spell level left.
You knew the following spells:

 Your Spells              Type           Power        Failure   Level  Hunger
a - Infusion              Chrm           #...         9%          1    ##.....
e - Regeneration          Chrm/Necr      #.........   47%         3    ####...
t - Spectral Weapon       Hex/Chrm       #.......     47%         3    ####...

Your spell library contained the following spells:

 Spells                   Type           Power        Failure   Level  Hunger
 Song of Slaying          Chrm           #.......     14%         2    ###....
 Shroud of Golubria       Chrm/Tloc      #.........   26%         2    ###....


Dungeon Overview and Level Annotations

Branches:
Dungeon (3/15)

Altars:


Message History

e - 4 rations {!d} (gained 1) No target in view!
e - 5 rations {!d} (gained 1) No target in view!
Found a stone staircase leading down.
No target in view!
An orc comes into view. It is wielding a +0 mace.
The orc shouts!
You hear a shout!
An orc is nearby!
Attack whom?
Aim: an orc, wielding a +0 mace and wearing a +0 ring mail You reach to attack!
You hit the orc. You hit the orc. The orc closely misses you.
An orc priest comes into view. It is wielding a +0 war axe.
You hit the orc but do no damage. You hit the orc. The orc misses you.
You hit the orc but do no damage. The orc closely misses you.
You hit the orc but do no damage.
An orc comes into view. It is wielding a +0 mace.
The orc shouts!
You hit the orc. The orc misses you.
You hit the orc but do no damage. You hit the orc.
You kill the orc!
The orc priest hits you with a +0 war axe!
You hit the orc priest but do no damage.
Unknown command.
You hit the orc priest.
The orc priest calls down the wrath of Beogh upon you.
Beogh smites you!
* * * LOW HITPOINT WARNING * * *
You hit the orc priest but do no damage.
The orc priest closely misses you.
You barely miss the orc priest. The orc hits you with a +0 mace!
* * * LOW HITPOINT WARNING * * *
It was a potion of curing.
You feel better.
The orc priest hits you but does no damage.
You hit the orc priest but do no damage.
The orc hits you with a +0 mace.
* * * LOW HITPOINT WARNING * * *
The orc priest hits you with a +0 war axe.
* * * LOW HITPOINT WARNING * * *
You feel better. The orc hits you with a +0 mace!
* * * LOW HITPOINT WARNING * * *
The orc priest barely misses you.
Unknown command.
The orc priest looks encouraged for a moment.
The orc priest calls down the wrath of Beogh upon you.
Beogh smites you!
You die...

#......###.# #.### #
#......###.#####...###
##.#..................
#.#..รท##.#.....##.###
#.#...##............[
#.#####.#........###.......
#...........###).# ####>###
..####.#...###o>### #.#
#<..@.o......## #.#
#.................#
#.......#..#.######
#.#.....#..#.##
#.##..........#
#.##.#..####..# #.......#
#..# ####.#.## #..#
#.#.#####..#


You could see an orc priest and an orc.

Vanquished Creatures
  Robin (D:3)
  3 adders (D:2)
  2 oozes (D:2)
  3 worms
  3 dart slugs
  A leopard gecko (D:2)
  2 orcs (D:3)
  A ball python (D:2)
  8 bats
  A giant cockroach (D:3)
  14 goblins
  7 hobgoblins
  3 jackals (D:1)
  2 quokkas
  4 frilled lizards
  6 kobolds
  4 rats
65 creatures vanquished.

Notes
Turn   | Place    | Note
-------+----------+-------------------------------------------
     0 | D:1      | MalarOregon the Merfolk Skald began the quest for the Orb.
     0 | D:1      | Reached XP level 1. HP: 16/16 MP: 3/3
   296 | D:1      | Reached skill level 4 in Polearms
   296 | D:1      | Reached XP level 2. HP: 11/22 MP: 5/5
  1291 | D:2      | Reached skill level 5 in Polearms
  1291 | D:2      | Reached XP level 3. HP: 14/27 MP: 6/6
  1816 | D:2      | Reached skill level 6 in Polearms
  2106 | D:2      | Reached XP level 4. HP: 17/33 MP: 7/7
  2892 | D:3      | Learned a level 3 spell: Spectral Weapon
  2896 | D:3      | Learned a level 3 spell: Regeneration
  2911 | D:3      | Noticed Robin
  2957 | D:3      | Killed Robin
  2957 | D:3      | Reached skill level 7 in Polearms
  3304 | D:3      | Reached XP level 5. HP: 38/38 MP: 8/8
  3456 | D:3      | Killed from afar by an orc priest

Skill      XL: |  1  2  3  4 |
---------------+-------------+-----
Polearms       | 4 5 6 7 |  7.5
Fighting       | |  2.1
Armour         | |  0.6
Dodging        | |  2.6
Spellcasting   | |  2.0
Charms         | |  3.2

Action                   |  1- 3 |  4- 6 || total
-------------------------+-------+-------++-------
Melee: Spear             |   180 |   162 ||   342
  Use: Scroll            |     4 |       ||     4
       Potion            |       |     2 ||     2
 Stab: Sleeping          |     2 |     2 ||     4
  Eat: Chunk             |     3 |     5 ||     8
Armor: Leather armour    |    35 |    13 ||    48
Dodge: Dodged            |   110 |    41 ||   151
